 Dungeon Crawl Stone Soup version 0.20.1-1-g8b1a95d (webtiles) character file.

61 rzd the Shield-Bearer (level 4, -5/28 HPs)
             Began as a Gargoyle Fighter on Sept 28, 2017.
             Was a Follower of Makhleb.
             Slain by an ogre
             ... wielding a +0 giant spiked club
              (30 damage)
             ... on level 3 of the Dungeon.
             The game lasted 00:11:57 (1462 turns).

rzd the Shield-Bearer (Gargoyle Fighter)            Turns: 1462, Time: 00:11:58

Health: -5/28      AC: 12    Str: 21    XL:     4   Next: 7%
Magic:  4/4        EV:  7    Int:  8    God:    Makhleb [*.....]
Gold:   77         SH:  9    Dex:  9    Spells: 3/3 levels left

rFire    . . .     SeeInvis .   a - +1 war axe
rCold    . . .     Gourm    .   c - +0 shield
rNeg     + . .     Faith    .   b - +0 scale mail
rPois    ∞         Spirit   .   (no helmet)
rElec    +         Reflect  .   (no cloak)
rCorr    .         Harm     +   q - +0 pair of gloves
MR       .....                  m - +0 pair of boots (curse)
Stlth    ..........             g - amulet of harm
Regen    0.1/turn               p - ring of poison resistance
MPRegen  0.1/turn               (no ring)

@: very slightly contaminated
A: negative energy resistance 1, electricity resistance, unbreathing,
petrification resistance, rot immunity, AC +3
a: Renounce Religion


You were on level 3 of the Dungeon.
You worshipped Makhleb.
Makhleb was aware of your devotion.
You were not hungry.

You visited 1 branch of the dungeon, and saw 3 of its levels.

You collected 77 gold pieces.

Inventory:

Hand Weapons
 a - a +1 war axe (weapon)
 k - a +0 hand axe
Missiles
 e - 112 stones (quivered)
Armour
 b - a +0 scale mail (worn)
 c - a +0 shield (worn)
 m - a cursed +0 pair of boots (worn)
 q - a +0 pair of gloves (worn)
Jewellery
 g - an amulet of harm (around neck)
 p - a ring of poison resistance (left hand)
Potions
 d - a potion of might
 j - a potion of flight
 l - a potion of lignification {unknown}
 o - a potion of invisibility {unknown}
Comestibles
 f - 3 bread rations
 h - 2 chunks of flesh
 i - 2 meat rations
 n - 2 fruits


   Skills:
 + Level 3.4 Fighting
 + Level 2.5 Axes
 * Level 3.8 Armour
 + Level 0.1 Dodging
 * Level 4.1 Shields


You had 3 spell levels left.
You didn't know any spells.

Dungeon Overview and Level Annotations

Branches:
Dungeon (3/15)

Altars:
Makhleb
Zin


Innate Abilities, Weirdness & Mutations

You are resistant to torment.
Your stone body is resilient. (AC +3)
You are immune to poison.
You resist negative energy. (rN+)
You are resistant to electric shocks. (rElec)
You can survive without breathing.
You are immune to petrification.
You are immune to rotting.


Message History

Found a stone staircase leading down.
Blink to where?
Press: ? - help, Dir - move target cursor You are very lightly contaminated with residual magic.
As you read the scroll labeled LOYNIS REONT, it crumbles to dust.
It was a scroll of blinking.
An ogre comes into view. It is wielding a giant spiked club.
The ogre shouts!
You are feeling hungry.
Eat one of 3 chunks of flesh? (ye/n/q)
You eat one of the 3 chunks of flesh.
This raw flesh tastes terrible.
You barely miss the ogre. You block the ogre's attack.
You slash the ogre!
The ogre is heavily wounded.
The ogre hits you with a giant spiked club.
You hit the ogre but do no damage.
The ogre is heavily wounded.
The ogre hits you with a giant spiked club!!
Ouch! That really hurt!
You die...

#.# ...... # #.# ......
##.####.########......
##.#.#.................
.>.##.................
#+#.#.#.................
...................[......
................@O........
...................####..#
#######............### #.# #
##..............# #.# ##### #
..............#.###.###...# #
...............##.##.##.##.#
................###.....###.#
..[......÷.......###...## #.#
...............##.....###.#


You could see an ogre.

Vanquished Creatures
  2 adders (D:2)
  3 giant cockroaches (D:1)
  3 goblins
  5 hobgoblins
  2 jackals (D:2)
  4 kobolds
  A ball python (D:1)
  12 bats
  3 frilled lizards
  9 rats
  3 bushes (D:2)
  A plant (D:2)
48 creatures vanquished.

Notes
Turn   | Place    | Note
-------+----------+-------------------------------------------
     0 | D:1      | rzd the Gargoyle Fighter began the quest for the Orb.
     0 | D:1      | Reached XP level 1. HP: 14/14 MP: 1/1
   242 | D:1      | Reached XP level 2. HP: 19/19 MP: 2/2
   663 | D:2      | Reached XP level 3. HP: 23/23 MP: 3/3
   868 | D:2      | Found a faded altar of an unknown god.
   874 | D:2      | Became a worshipper of Makhleb the Destroyer
   874 | D:2      | Reached * piety under Makhleb
  1102 | D:2      | Reached skill level 4 in Shields
  1264 | D:2      | Found a glowing silver altar of Zin.
  1327 | D:2      | Reached XP level 4. HP: 24/28 MP: 4/4
  1456 | D:3      | Noticed an ogre
  1462 | D:3      | Slain by an ogre

Skill      XL: |  1  2  3 |
---------------+----------+-----
Axes           | 2 |  2.5
Shields        | 4 |  4.1
Fighting       | |  3.4
Armour         | |  3.8
Dodging        | |  0.1

Action                   |  1- 3 |  4- 6 || total
-------------------------+-------+-------++-------
Melee: War axe           |   227 |    10 ||   237
  Use: Scroll            |     2 |     3 ||     5
  Eat: Chunk             |     2 |     1 ||     3
Armor: Scale mail        |    99 |     6 ||   105
Dodge: Dodged            |    45 |     1 ||    46
Block: Shield            |   104 |     6 ||   110
